[ AOE2 MATCH · #480888492 ]
Team RMDravidians vs Vietnamese
[ REPLAY ANALYSIS · EXTRACTED FROM THE RECORDED GAME ]
Feudal
13:39
Castle
22:28
Imperial
39:31
| APM avg | 48.1 |
| APM peak | 101 |
| eAPM avg | 26.6 |
| Villagers / military | 138 / 316 |
Focus
⚔️ 30.3% · 🌾 69.7%
Skirmisher ×228 · Archer ×73 · Fishing Ship ×36 · Trebuchet (Packed) ×8 · Mangonel ×4 · Unknown (2626) ×2
Feudal
15:14
Castle
23:01
Imperial
44:27
| APM avg | 20.5 |
| APM peak | 55 |
| eAPM avg | 13.9 |
| Villagers / military | 115 / 165 |
Focus
⚔️ 37.0% · 🌾 63.0%
Fire Lancer ×122 · Battering Ram ×33 · Fishing Ship ×14 · Petard ×4 · Rattan Archer ×4 · Mangonel ×2
Feudal
14:03
Castle
18:25
Imperial
34:05
| APM avg | 32.0 |
| APM peak | 62 |
| eAPM avg | 17.1 |
| Villagers / military | 81 / 170 |
Focus
⚔️ 27.4% · 🌾 72.6%
Fire Lancer ×128 · War Wagon ×31 · Fishing Ship ×11 · Trebuchet (Packed) ×6 · Battering Ram ×4 · Iron Pagoda ×1
Feudal
14:19
Castle
18:16
Imperial
—
| APM avg | 26.6 |
| APM peak | 71 |
| eAPM avg | 11.8 |
| Villagers / military | 88 / 29 |
Focus
⚔️ 33.3% · 🌾 66.7%
Conquistador ×17 · Fishing Ship ×9 · Monk ×6 · Mangonel ×6
Feudal
12:37
Castle
18:46
Imperial
37:07
| APM avg | 57.6 |
| APM peak | 93 |
| eAPM avg | 27.0 |
| Villagers / military | 144 / 111 |
Focus
⚔️ 58.7% · 🌾 41.3%
Longbowman ×45 · Archer ×42 · Trebuchet (Packed) ×10 · Skirmisher ×6 · Fishing Ship ×5 · Battering Ram ×3
Feudal
12:06
Castle
18:44
Imperial
35:15
| APM avg | 20.0 |
| APM peak | 37 |
| eAPM avg | 13.3 |
| Villagers / military | 245 / 128 |
Focus
⚔️ 29.5% · 🌾 70.5%
Knight ×59 · Scorpion ×21 · Fishing Ship ×17 · War Elephant ×14 · Scout Cavalry ×11 · Trebuchet (Packed) ×9
Match map
Initial resources + every placement click. Lines = walls · curves = elevation contours. ◆ gold · ⬟ stone · ● berries · ✦ relic · ◌ wall gap
Your base· Open — 15t gap
apple11's base· ✓ Closed at 23:01 · 56t walls · 4 gate(s) · fragile
JoPo21's base· Open — 12t gap
yeh's base· Open — 7t gap
王德发's base· ✓ Closed at 18:46 · 28t walls · 1 gate(s) · fragile
Sir Deep purple 2's base· Open — 7t gap
Smoothed initial terrain · ◌ = detected wall gap · hover for details
Inputs per minute
— TisMon - - apple11
Build order — TisMon
First 150 of 529 actions detected
| 0:12 | Build | House |
| 0:23 | Build | Town Center |
| 0:49 | Build | Dock |
| 1:35 | Build | House |
| 2:58 | Create | Villager (Male) |
| 2:58 | Create | Villager (Male) |
| 2:58 | Create | Villager (Male) |
| 2:59 | Create | Villager (Male) |
| 2:59 | Create | Villager (Male) |
| 2:59 | Create | Villager (Male) |
| 3:18 | Create | Villager (Male) |
| 3:18 | Create | Villager (Male) |
| 3:18 | Research | Loom |
| 3:21 | Create | Villager (Male) |
| 3:22 | Create | Villager (Male) |
| 3:22 | Create | Villager (Male) |
| 3:22 | Create | Villager (Male) |
| 3:44 | Create | Villager (Male) |
| 3:44 | Create | Villager (Male) |
| 4:02 | Research | Loom |
| 4:44 | Create | Villager (Male) |
| 4:44 | Create | Villager (Male) |
| 4:45 | Research | Loom |
| 5:17 | Create | Fishing Ship |
| 5:27 | Create | Villager (Male) |
| 5:27 | Create | Villager (Male) |
| 5:27 | Create | Villager (Male) |
| 6:04 | Create | Villager (Male) |
| 6:04 | Create | Villager (Male) |
| 6:05 | Create | Villager (Male) |
| 6:05 | Create | Villager (Male) |
| 6:29 | Create | Fishing Ship |
| 6:31 | Create | Villager (Male) |
| 6:32 | Create | Villager (Male) |
| 6:42 | Create | Villager (Male) |
| 6:53 | Build | House |
| 7:22 | Create | Villager (Male) |
| 7:22 | Create | Villager (Male) |
| 7:23 | Create | Villager (Male) |
| 7:59 | Create | Fishing Ship |
| 8:14 | Create | Villager (Male) |
| 8:15 | Create | Villager (Male) |
| 8:15 | Create | Villager (Male) |
| 8:38 | Create | Villager (Male) |
| 8:38 | Create | Villager (Male) |
| 8:51 | Create | Fishing Ship |
| 9:12 | Build | Mill |
| 9:40 | Build | House |
| 9:42 | Build | Palisade Wall |
| 9:45 | Create | Fishing Ship |
| 9:52 | Build | House |
| 10:22 | Create | Villager (Male) |
| 10:24 | Create | Fishing Ship |
| 10:35 | Create | Fishing Ship |
| 11:20 | Build | Mining Camp |
| 11:29 | Research | Feudal Age |
| 11:29 | Research | Feudal Age |
| 11:29 | Research | Feudal Age |
| 11:33 | Create | Fishing Ship |
| 12:05 | Build | House |
| 12:09 | Build | Palisade Wall |
| 12:35 | Build | Barracks |
| 12:51 | Create | Villager (Male) |
| 13:03 | Build | Dock |
| 13:13 | Create | Fishing Ship |
| 13:21 | Build | House |
| 13:22 | Build | Palisade Wall |
| 13:25 | Build | Palisade Wall |
| 13:27 | Build | Palisade Wall |
| 13:32 | Build | Palisade Wall |
| 13:32 | Build | Palisade Wall |
| 13:39 | Age | Feudal Age |
| 13:44 | Build | Archery Range |
| 13:49 | Create | Villager (Male) |
| 13:49 | Create | Villager (Male) |
| 13:51 | Build | Lumber Camp |
| 13:59 | Build | House |
| 14:01 | Build | Palisade Wall |
| 14:13 | Create | Unit 2626 |
| 14:13 | Create | Unit 2626 |
| 14:37 | Create | Archer |
| 14:38 | Create | Archer |
| 14:38 | Create | Villager (Male) |
| 14:40 | Research | Double-Bit Axe |
| 14:43 | Build | House |
| 14:47 | Build | Palisade Wall |
| 14:50 | Build | Palisade Wall |
| 15:02 | Create | Villager (Male) |
| 15:03 | Create | Archer |
| 15:03 | Create | Skirmisher |
| 15:16 | Build | Blacksmith |
| 15:26 | Build | Palisade Wall |
| 15:47 | Create | Fishing Ship |
| 15:47 | Create | Villager (Male) |
| 15:48 | Create | Villager (Male) |
| 15:55 | Build | Palisade Wall |
| 15:59 | Create | Archer |
| 16:01 | Research | Fletching |
| 16:18 | Create | Fishing Ship |
| 16:25 | Create | Fishing Ship |
| 16:45 | Create | Archer |
| 16:47 | Create | Villager (Male) |
| 16:47 | Create | Villager (Male) |
| 16:49 | Create | Fishing Ship |
| 16:49 | Create | Fishing Ship |
| 17:09 | Create | Militia |
| 17:10 | Create | Militia |
| 17:13 | Create | Villager (Male) |
| 17:21 | Build | Market |
| 17:27 | Create | Fishing Ship |
| 17:27 | Create | Fishing Ship |
| 17:42 | Create | Archer |
| 17:42 | Create | Archer |
| 18:04 | Create | Archer |
| 18:08 | Research | Padded Archer Armor |
| 18:16 | Build | Archery Range |
| 18:19 | Create | Villager (Male) |
| 18:20 | Create | Fishing Ship |
| 18:21 | Create | Fishing Ship |
| 19:09 | Create | Archer |
| 19:15 | Create | Fishing Ship |
| 19:15 | Create | Fishing Ship |
| 19:30 | Create | Archer |
| 19:30 | Create | Archer |
| 19:32 | Create | Archer |
| 19:48 | Research | Castle Age |
| 19:49 | Research | Castle Age |
| 19:49 | Research | Castle Age |
| 20:14 | Build | Dock |
| 20:38 | Build | House |
| 20:41 | Build | House |
| 20:45 | Create | Archer |
| 20:45 | Create | Archer |
| 20:46 | Create | Archer |
| 20:51 | Create | Fishing Ship |
| 20:51 | Create | Fishing Ship |
| 20:52 | Research | Tech 906 |
| 21:13 | Create | Archer |
| 21:13 | Create | Archer |
| 21:17 | Build | House |
| 21:26 | Create | Archer |
| 21:26 | Create | Archer |
| 21:43 | Build | House |
| 21:55 | Build | Farm |
| 21:58 | Build | Farm |
| 21:59 | Build | Farm |
| 22:06 | Create | Archer |
| 22:06 | Create | Archer |
| 22:28 | Age | Castle Age |
| 22:29 | Create | Archer |
Build order — apple11
First 150 of 413 actions detected
| 0:22 | Build | House |
| 0:36 | Build | Town Center |
| 0:46 | Build | Dock |
| 1:14 | Build | House |
| 3:11 | Research | Loom |
| 3:12 | Create | Villager (Male) |
| 3:12 | Create | Villager (Male) |
| 3:12 | Create | Villager (Male) |
| 3:12 | Create | Villager (Male) |
| 3:59 | Create | Villager (Male) |
| 3:59 | Create | Villager (Male) |
| 5:07 | Create | Villager (Male) |
| 5:08 | Create | Villager (Male) |
| 5:21 | Create | Villager (Male) |
| 5:22 | Create | Villager (Male) |
| 6:28 | Create | Villager (Male) |
| 6:28 | Create | Villager (Male) |
| 6:37 | Create | Villager (Male) |
| 6:47 | Create | Villager (Male) |
| 6:47 | Create | Villager (Male) |
| 7:29 | Build | House |
| 7:51 | Create | Villager (Male) |
| 7:52 | Create | Villager (Male) |
| 8:49 | Create | Fishing Ship |
| 8:49 | Create | Fishing Ship |
| 8:49 | Create | Fishing Ship |
| 8:53 | Build | House |
| 8:59 | Create | Villager (Male) |
| 8:59 | Create | Villager (Male) |
| 9:31 | Create | Villager (Male) |
| 9:45 | Build | Mill |
| 9:47 | Create | Villager (Male) |
| 10:05 | Create | Fishing Ship |
| 10:05 | Create | Fishing Ship |
| 10:29 | Create | Villager (Male) |
| 10:51 | Create | Villager (Male) |
| 10:52 | Build | Lumber Camp |
| 11:07 | Build | House |
| 11:11 | Build | House |
| 11:20 | Create | Villager (Male) |
| 11:24 | Create | Fishing Ship |
| 11:48 | Create | Villager (Male) |
| 11:50 | Create | Fishing Ship |
| 11:50 | Create | Fishing Ship |
| 11:50 | Create | Fishing Ship |
| 12:21 | Build | Palisade Wall |
| 12:25 | Create | Fishing Ship |
| 12:25 | Create | Fishing Ship |
| 12:25 | Create | Fishing Ship |
| 12:31 | Create | Villager (Male) |
| 12:37 | Build | Palisade Wall |
| 12:53 | Build | Palisade Wall |
| 13:02 | Research | Feudal Age |
| 13:09 | Build | Palisade Wall |
| 13:14 | Build | Palisade Wall |
| 13:35 | Build | House |
| 13:47 | Build | Lumber Camp |
| 13:52 | Create | Villager (Male) |
| 13:52 | Create | Villager (Male) |
| 14:18 | Build | Palisade Wall |
| 14:21 | Build | Palisade Wall |
| 14:38 | Build | Mining Camp |
| 14:43 | Build | Palisade Wall |
| 14:47 | Create | Villager (Male) |
| 15:14 | Age | Feudal Age |
| 15:15 | Create | Villager (Male) |
| 15:23 | Build | Market |
| 15:24 | Build | Blacksmith |
| 15:37 | Research | Town Watch |
| 15:38 | Create | Villager (Male) |
| 15:47 | Build | Stone Wall |
| 16:00 | Build | Barracks |
| 16:15 | Create | Fishing Ship |
| 16:28 | Research | Double-Bit Axe |
| 16:31 | Research | Gold Mining |
| 16:32 | Create | Villager (Male) |
| 16:55 | Create | Villager (Male) |
| 17:09 | Build | Stone Wall |
| 17:13 | Build | Gate |
| 17:25 | Build | Stone Wall |
| 17:31 | Build | Gate |
| 17:37 | Build | Stone Wall |
| 17:43 | Create | Villager (Male) |
| 17:46 | Create | Villager (Male) |
| 18:00 | Create | Villager (Male) |
| 18:23 | Create | Villager (Male) |
| 18:44 | Build | House |
| 18:49 | Build | Lumber Camp |
| 19:01 | Build | Stone Wall |
| 19:27 | Build | Gate |
| 19:35 | Build | Stone Wall |
| 19:41 | Build | Gate |
| 19:56 | Build | House |
| 20:04 | Research | Castle Age |
| 20:17 | Create | Fishing Ship |
| 20:43 | Build | House |
| 20:44 | Build | House |
| 20:49 | Build | Mining Camp |
| 20:54 | Research | Stone Mining |
| 21:22 | Research | Arson |
| 21:28 | Create | Villager (Male) |
| 21:28 | Create | Villager (Male) |
| 21:48 | Research | Horse Collar |
| 21:59 | Build | Barracks |
| 22:00 | Build | Barracks |
| 22:43 | Research | Scale Mail Armor |
| 23:01 | Age | Castle Age |
| 23:01 | Create | Villager (Male) |
| 23:04 | Create | Fire Lancer |
| 23:04 | Create | Fire Lancer |
| 23:05 | Create | Fire Lancer |
| 23:05 | Create | Fire Lancer |
| 23:05 | Create | Fire Lancer |
| 23:05 | Create | Fire Lancer |
| 23:05 | Create | Fire Lancer |
| 23:06 | Create | Fire Lancer |
| 23:06 | Create | Fire Lancer |
| 23:07 | Create | Fire Lancer |
| 23:08 | Create | Villager (Male) |
| 23:21 | Build | Siege Workshop |
| 23:31 | Build | Town Center |
| 23:43 | Research | Squires |
| 23:47 | Create | Fire Lancer |
| 23:48 | Create | Fire Lancer |
| 23:48 | Create | Fire Lancer |
| 24:00 | Create | Villager (Male) |
| 24:05 | Create | Battering Ram |
| 24:05 | Create | Battering Ram |
| 24:06 | Create | Battering Ram |
| 24:16 | Build | Town Center |
| 24:29 | Create | Fire Lancer |
| 24:29 | Create | Fire Lancer |
| 24:29 | Create | Fire Lancer |
| 24:36 | Create | Villager (Male) |
| 24:36 | Create | Villager (Male) |
| 24:50 | Build | House |
| 24:52 | Build | House |
| 25:00 | Create | Battering Ram |
| 25:00 | Create | Battering Ram |
| 25:00 | Create | Battering Ram |
| 25:02 | Create | Fire Lancer |
| 25:03 | Create | Fire Lancer |
| 25:08 | Create | Villager (Male) |
| 25:20 | Research | Wheelbarrow |
| 25:34 | Create | Battering Ram |
| 25:34 | Create | Battering Ram |
| 25:49 | Build | Farm |
| 25:50 | Build | Farm |
| 26:00 | Build | Farm |
| 26:02 | Build | Farm |
Build order — JoPo21
First 150 of 327 actions detected
| 0:12 | Build | Town Center |
| 0:22 | Build | House |
| 1:25 | Build | Dock |
| 1:28 | Build | Palisade Wall |
| 1:29 | Build | Palisade Wall |
| 2:40 | Create | Villager (Male) |
| 2:40 | Create | Villager (Male) |
| 2:40 | Create | Villager (Male) |
| 2:41 | Create | Villager (Male) |
| 3:54 | Create | Villager (Male) |
| 3:54 | Create | Villager (Male) |
| 4:26 | Create | Fishing Ship |
| 4:55 | Create | Villager (Male) |
| 4:55 | Create | Villager (Male) |
| 4:57 | Create | Fishing Ship |
| 5:25 | Research | Loom |
| 5:25 | Research | Loom |
| 5:38 | Create | Villager (Male) |
| 5:38 | Create | Villager (Male) |
| 5:50 | Create | Fishing Ship |
| 5:50 | Create | Fishing Ship |
| 5:57 | Create | Villager (Male) |
| 5:58 | Create | Villager (Male) |
| 6:32 | Build | House |
| 6:53 | Create | Villager (Male) |
| 6:53 | Create | Villager (Male) |
| 7:10 | Create | Villager (Male) |
| 7:10 | Create | Villager (Male) |
| 7:10 | Create | Villager (Male) |
| 7:26 | Create | Fishing Ship |
| 7:43 | Create | Villager (Male) |
| 7:43 | Create | Villager (Male) |
| 7:50 | Create | Villager (Male) |
| 7:51 | Create | Villager (Male) |
| 8:03 | Build | Palisade Wall |
| 8:07 | Build | House |
| 8:08 | Create | Fishing Ship |
| 8:20 | Create | Villager (Male) |
| 8:20 | Create | Villager (Male) |
| 8:48 | Create | Fishing Ship |
| 8:49 | Create | Villager (Male) |
| 8:58 | Build | House |
| 9:14 | Build | Palisade Wall |
| 9:17 | Create | Villager (Male) |
| 9:17 | Create | Villager (Male) |
| 9:18 | Create | Villager (Male) |
| 10:21 | Create | Villager (Male) |
| 10:26 | Build | Mining Camp |
| 11:00 | Build | Mining Camp |
| 11:32 | Build | House |
| 11:36 | Build | Palisade Wall |
| 11:37 | Build | Palisade Wall |
| 11:38 | Build | Palisade Wall |
| 11:49 | Research | Feudal Age |
| 11:49 | Research | Feudal Age |
| 12:26 | Build | Outpost |
| 12:29 | Create | Villager (Male) |
| 12:29 | Create | Villager (Male) |
| 12:36 | Build | Mill |
| 13:21 | Build | Palisade Wall |
| 13:21 | Build | Palisade Wall |
| 13:39 | Create | Villager (Male) |
| 13:43 | Build | House |
| 14:03 | Age | Feudal Age |
| 14:07 | Build | Market |
| 14:13 | Build | Blacksmith |
| 14:16 | Build | Palisade Wall |
| 14:40 | Build | Watch Tower |
| 15:46 | Research | Castle Age |
| 16:01 | Build | Lumber Camp |
| 16:10 | Build | Palisade Wall |
| 16:10 | Build | Palisade Wall |
| 16:48 | Build | Palisade Wall |
| 16:52 | Build | Palisade Gate |
| 16:59 | Create | Villager (Male) |
| 17:00 | Create | Villager (Male) |
| 17:05 | Research | Double-Bit Axe |
| 17:54 | Create | Villager (Male) |
| 18:25 | Age | Castle Age |
| 18:33 | Build | Castle |
| 18:43 | Build | Siege Workshop |
| 18:56 | Create | Villager (Male) |
| 18:56 | Create | Villager (Male) |
| 19:32 | Research | Fletching |
| 19:33 | Create | Villager (Male) |
| 19:50 | Create | Battering Ram |
| 19:50 | Create | Battering Ram |
| 19:54 | Create | Villager (Male) |
| 20:04 | Create | Villager (Male) |
| 20:19 | Create | Battering Ram |
| 20:20 | Create | Battering Ram |
| 20:29 | Create | Villager (Male) |
| 20:55 | Build | Watch Tower |
| 20:58 | Create | Villager (Male) |
| 21:00 | Build | House |
| 21:01 | Build | House |
| 21:14 | Create | Villager (Male) |
| 21:18 | Create | War Wagon |
| 21:19 | Create | War Wagon |
| 21:19 | Create | War Wagon |
| 21:49 | Create | War Wagon |
| 21:49 | Create | War Wagon |
| 21:55 | Create | Villager (Male) |
| 21:57 | Create | War Wagon |
| 21:57 | Create | War Wagon |
| 22:14 | Create | Villager (Male) |
| 22:25 | Create | War Wagon |
| 22:25 | Create | War Wagon |
| 22:25 | Create | War Wagon |
| 22:41 | Create | Villager (Male) |
| 22:58 | Create | Villager (Male) |
| 23:04 | Create | War Wagon |
| 23:04 | Create | War Wagon |
| 23:05 | Create | War Wagon |
| 23:26 | Create | War Wagon |
| 23:26 | Create | War Wagon |
| 23:26 | Create | War Wagon |
| 23:51 | Create | Villager (Male) |
| 24:06 | Create | War Wagon |
| 24:06 | Create | War Wagon |
| 24:13 | Create | Villager (Male) |
| 24:20 | Build | House |
| 24:26 | Create | Iron Pagoda |
| 24:30 | Create | Villager (Male) |
| 24:52 | Research | Bodkin Arrow |
| 24:53 | Research | Bodkin Arrow |
| 25:05 | Create | Villager (Male) |
| 26:02 | Create | Villager (Male) |
| 26:07 | Build | Town Center |
| 26:09 | Create | Villager (Male) |
| 26:13 | Create | Fishing Ship |
| 26:13 | Create | Fishing Ship |
| 26:13 | Create | Fishing Ship |
| 26:28 | Build | Dock |
| 26:33 | Create | Villager (Male) |
| 26:39 | Create | Villager (Male) |
| 27:01 | Build | Town Center |
| 27:08 | Create | Villager (Male) |
| 27:27 | Create | Villager (Male) |
| 27:31 | Build | Farm |
| 27:32 | Build | Farm |
| 27:45 | Build | House |
| 27:45 | Build | House |
| 27:46 | Build | House |
| 28:11 | Create | Villager (Male) |
| 28:12 | Create | Villager (Male) |
| 28:12 | Create | Villager (Male) |
| 28:21 | Build | Watch Tower |
| 29:00 | Create | Villager (Male) |
| 29:01 | Build | Farm |
Build order — yeh
First 150 of 182 actions detected
| 0:23 | Build | Town Center |
| 0:48 | Build | Dock |
| 0:50 | Build | House |
| 2:16 | Build | Palisade Wall |
| 2:17 | Build | Palisade Wall |
| 2:18 | Build | Palisade Wall |
| 2:38 | Create | Villager (Male) ×4 |
| 2:39 | Create | Villager (Male) ×4 |
| 3:47 | Create | Fishing Ship |
| 3:53 | Create | Villager (Male) |
| 3:53 | Create | Villager (Male) |
| 4:16 | Build | House |
| 4:58 | Create | Villager (Male) |
| 4:58 | Create | Villager (Male) |
| 5:24 | Research | Loom |
| 5:25 | Research | Loom |
| 5:46 | Create | Villager (Male) |
| 5:46 | Create | Villager (Male) |
| 5:59 | Create | Fishing Ship |
| 5:59 | Create | Fishing Ship |
| 6:28 | Create | Villager (Male) |
| 6:29 | Create | Villager (Male) |
| 6:29 | Create | Villager (Male) |
| 6:31 | Create | Fishing Ship |
| 6:31 | Create | Fishing Ship |
| 7:06 | Build | House |
| 7:21 | Create | Villager (Male) |
| 7:22 | Create | Villager (Male) |
| 7:47 | Build | House |
| 7:50 | Create | Fishing Ship |
| 7:59 | Create | Villager (Male) |
| 7:59 | Create | Villager (Male) |
| 8:03 | Create | Villager (Male) |
| 8:04 | Create | Villager (Male) |
| 8:20 | Create | Villager (Male) |
| 8:20 | Create | Villager (Male) |
| 8:43 | Create | Fishing Ship |
| 8:58 | Build | House |
| 9:23 | Create | Villager (Male) |
| 9:25 | Create | Fishing Ship |
| 9:33 | Create | Fishing Ship |
| 9:35 | Create | Villager (Male) |
| 10:25 | Create | Villager (Male) |
| 10:25 | Create | Villager (Male) |
| 10:25 | Create | Villager (Male) |
| 10:26 | Create | Villager (Male) |
| 10:26 | Create | Villager (Male) |
| 10:26 | Create | Villager (Male) |
| 10:26 | Create | Villager (Male) |
| 10:27 | Create | Villager (Male) |
| 11:15 | Create | Villager (Male) |
| 11:32 | Build | Mining Camp |
| 11:34 | Create | Villager (Male) |
| 11:51 | Build | Outpost |
| 11:58 | Research | Feudal Age |
| 11:59 | Research | Feudal Age |
| 12:23 | Build | Mill |
| 13:12 | Create | Villager (Male) |
| 13:53 | Create | Villager (Male) |
| 14:19 | Age | Feudal Age |
| 14:21 | Build | Market |
| 14:24 | Build | Blacksmith |
| 14:54 | Build | House |
| 15:36 | Research | Castle Age |
| 15:36 | Research | Castle Age |
| 16:37 | Build | Lumber Camp |
| 16:48 | Create | Villager (Male) |
| 16:48 | Create | Villager (Male) |
| 17:30 | Build | House |
| 17:32 | Build | House |
| 17:36 | Build | House |
| 17:49 | Create | Villager (Male) |
| 18:16 | Age | Castle Age |
| 18:20 | Build | Castle |
| 18:34 | Research | Double-Bit Axe |
| 18:34 | Research | Double-Bit Axe |
| 18:51 | Build | Monastery |
| 18:55 | Create | Villager (Male) |
| 19:01 | Build | Mining Camp |
| 19:12 | Research | Fletching |
| 19:12 | Research | Fletching |
| 19:23 | Build | Mill |
| 19:48 | Create | Villager (Male) |
| 19:48 | Create | Villager (Male) |
| 19:59 | Create | Monk |
| 20:28 | Create | Villager (Male) |
| 20:50 | Create | Conquistador |
| 20:50 | Create | Conquistador |
| 21:19 | Create | Conquistador |
| 21:19 | Create | Conquistador |
| 21:37 | Create | Villager (Male) |
| 21:37 | Create | Villager (Male) |
| 21:53 | Build | Siege Workshop |
| 22:00 | Create | Conquistador |
| 22:01 | Create | Conquistador |
| 22:12 | Create | Villager (Male) |
| 22:12 | Create | Villager (Male) |
| 22:28 | Create | Mangonel |
| 22:29 | Create | Mangonel |
| 22:29 | Create | Mangonel |
| 22:29 | Create | Mangonel |
| 23:22 | Create | Monk |
| 23:23 | Create | Monk |
| 23:49 | Create | Conquistador |
| 24:39 | Build | House |
| 24:53 | Create | Monk |
| 26:00 | Create | Mangonel |
| 26:01 | Create | Mangonel |
| 26:39 | Build | Town Center |
| 26:48 | Create | Conquistador |
| 26:49 | Create | Conquistador |
| 26:49 | Create | Conquistador |
| 27:35 | Create | Villager (Male) ×5 |
| 28:07 | Build | Mill |
| 28:20 | Create | Conquistador |
| 28:20 | Create | Conquistador |
| 29:03 | Create | Villager (Male) |
| 29:03 | Create | Villager (Male) |
| 29:29 | Create | Conquistador |
| 29:30 | Create | Conquistador |
| 30:00 | Build | Farm |
| 30:00 | Build | Farm |
| 30:00 | Build | Farm |
| 30:01 | Build | Farm |
| 30:01 | Build | Farm |
| 30:01 | Build | Farm |
| 30:02 | Build | Farm |
| 30:02 | Build | Farm |
| 30:09 | Create | Villager (Male) |
| 30:09 | Create | Villager (Male) |
| 30:24 | Create | Villager (Male) |
| 30:24 | Create | Villager (Male) |
| 30:45 | Create | Villager (Male) |
| 30:46 | Create | Villager (Male) |
| 31:02 | Create | Villager (Male) |
| 31:02 | Create | Villager (Male) |
| 31:19 | Research | Horse Collar |
| 31:20 | Research | Horse Collar |
| 31:29 | Create | Villager (Male) |
| 31:32 | Build | Farm |
| 31:40 | Create | Villager (Male) |
| 32:02 | Create | Villager (Male) |
| 32:18 | Create | Conquistador |
| 32:18 | Create | Conquistador ×2 |
| 32:37 | Create | Monk |
| 32:47 | Create | Villager (Male) |
| 32:55 | Create | Villager (Male) |
| 33:04 | Create | Villager (Male) |
| 33:14 | Create | Villager (Male) |
| 33:24 | Create | Villager (Male) |
Build order — 王德发
First 150 of 360 actions detected
| 0:34 | Build | Dock |
| 0:42 | Build | Town Center |
| 0:58 | Build | House |
| 2:48 | Create | Villager (Male) |
| 2:48 | Create | Villager (Male) |
| 2:48 | Create | Villager (Male) |
| 2:49 | Create | Villager (Male) |
| 2:49 | Create | Villager (Male) |
| 3:46 | Create | Fishing Ship |
| 4:16 | Create | Villager (Male) |
| 4:16 | Create | Villager (Male) |
| 4:25 | Build | House |
| 4:55 | Research | Loom |
| 5:06 | Create | Villager (Male) |
| 5:22 | Create | Fishing Ship |
| 5:43 | Create | Villager (Male) |
| 5:43 | Create | Villager (Male) |
| 6:03 | Create | Fishing Ship |
| 6:14 | Build | Palisade Wall |
| 6:15 | Build | Palisade Wall |
| 6:17 | Build | Palisade Wall |
| 6:18 | Build | Palisade Wall |
| 6:23 | Create | Villager (Male) |
| 6:23 | Create | Villager (Male) |
| 6:35 | Create | Fishing Ship |
| 6:47 | Create | Villager (Male) |
| 6:47 | Create | Villager (Male) |
| 6:47 | Create | Villager (Male) |
| 6:59 | Build | House |
| 7:13 | Create | Villager (Male) |
| 7:13 | Create | Villager (Male) |
| 7:56 | Create | Villager (Male) |
| 8:02 | Build | Mill |
| 8:20 | Build | Palisade Gate |
| 8:33 | Create | Villager (Male) |
| 8:33 | Create | Villager (Male) |
| 8:52 | Create | Villager (Male) |
| 9:19 | Create | Villager (Male) |
| 9:22 | Build | House |
| 10:01 | Create | Villager (Male) |
| 10:27 | Research | Feudal Age |
| 10:49 | Build | Lumber Camp |
| 11:28 | Build | Palisade Wall |
| 11:32 | Build | House |
| 11:32 | Build | Palisade Wall |
| 11:58 | Create | Villager (Male) |
| 12:12 | Build | House |
| 12:14 | Build | Palisade Wall |
| 12:37 | Build | Barracks |
| 12:37 | Age | Feudal Age |
| 12:40 | Create | Villager (Male) |
| 12:42 | Research | Double-Bit Axe |
| 13:18 | Create | Villager (Male) |
| 13:22 | Build | Palisade Wall |
| 13:26 | Build | House |
| 13:31 | Build | Mining Camp |
| 13:35 | Create | Villager (Male) |
| 13:42 | Build | Palisade Wall |
| 13:58 | Create | Villager (Male) |
| 14:26 | Build | Archery Range |
| 14:28 | Create | Villager (Male) |
| 14:51 | Build | Blacksmith |
| 14:55 | Create | Villager (Male) |
| 15:23 | Create | Villager (Male) |
| 15:49 | Build | Archery Range |
| 16:06 | Research | Castle Age |
| 16:14 | Build | Palisade Wall |
| 16:16 | Build | Palisade Wall |
| 16:17 | Build | Palisade Wall |
| 16:47 | Create | Skirmisher |
| 16:47 | Create | Skirmisher |
| 17:08 | Build | House |
| 17:10 | Build | Palisade Wall |
| 17:21 | Create | Skirmisher |
| 17:21 | Create | Skirmisher |
| 17:24 | Research | Fletching |
| 17:32 | Build | Mining Camp |
| 17:58 | Create | Archer |
| 17:58 | Create | Archer |
| 17:58 | Create | Villager (Male) |
| 18:10 | Create | Skirmisher |
| 18:10 | Create | Skirmisher |
| 18:20 | Build | House |
| 18:46 | Age | Castle Age |
| 18:53 | Build | Siege Workshop |
| 19:03 | Create | Archer |
| 19:03 | Create | Archer |
| 19:08 | Create | Villager (Male) |
| 19:23 | Create | Villager (Male) |
| 19:25 | Create | Scorpion |
| 19:30 | Build | Town Center |
| 19:55 | Create | Archer |
| 20:06 | Create | Villager (Male) |
| 20:08 | Create | Villager (Male) |
| 20:08 | Create | Villager (Male) |
| 20:41 | Create | Battering Ram |
| 20:41 | Create | Villager (Male) |
| 20:42 | Create | Villager (Male) |
| 21:00 | Create | Villager (Male) |
| 21:14 | Build | Town Center |
| 21:39 | Create | Villager (Male) |
| 21:39 | Create | Villager (Male) |
| 21:40 | Create | Fishing Ship |
| 22:02 | Create | Archer |
| 22:02 | Create | Archer |
| 22:10 | Build | Farm |
| 22:11 | Build | Farm |
| 22:12 | Build | Farm |
| 22:12 | Build | Farm |
| 22:23 | Create | Spearman |
| 22:25 | Build | House |
| 22:28 | Build | House |
| 22:31 | Create | Archer |
| 22:31 | Create | Archer |
| 23:03 | Research | Crossbowman (upgrade) |
| 23:56 | Create | Villager (Male) |
| 23:58 | Create | Villager (Male) |
| 24:03 | Build | Farm |
| 24:03 | Build | Farm |
| 24:23 | Create | Spearman |
| 24:27 | Create | Villager (Male) |
| 24:37 | Create | Mangonel |
| 25:03 | Create | Villager (Male) |
| 25:05 | Create | Villager (Male) |
| 25:11 | Create | Villager (Male) |
| 25:17 | Create | Archer |
| 25:17 | Create | Archer |
| 25:18 | Create | Villager (Male) |
| 25:21 | Build | House |
| 25:25 | Build | Farm |
| 25:38 | Create | Villager (Male) |
| 25:47 | Create | Villager (Male) |
| 26:05 | Create | Villager (Male) |
| 26:23 | Build | Castle |
| 26:32 | Create | Villager (Male) |
| 26:45 | Create | Villager (Male) |
| 26:46 | Create | Villager (Male) |
| 26:50 | Create | Mangonel |
| 26:55 | Build | House |
| 26:56 | Build | House |
| 27:01 | Create | Villager (Male) |
| 27:06 | Create | Villager (Male) |
| 27:28 | Build | Farm |
| 27:31 | Build | Farm |
| 27:34 | Build | Farm |
| 27:37 | Build | Farm |
| 27:52 | Build | Farm |
| 27:52 | Build | Farm |
| 28:01 | Create | Villager (Male) |
| 28:01 | Create | Villager (Male) |
Build order — Sir Deep purple 2
First 150 of 463 actions detected
| 0:04 | Build | Town Center |
| 0:55 | Build | Dock |
| 2:27 | Create | Villager (Male) |
| 2:27 | Create | Villager (Male) |
| 2:27 | Create | Villager (Male) |
| 2:27 | Create | Villager (Male) |
| 2:28 | Create | Villager (Male) |
| 2:28 | Create | Villager (Male) |
| 2:31 | Create | Fishing Ship |
| 3:26 | Build | House |
| 4:05 | Create | Villager (Male) |
| 4:05 | Create | Villager (Male) |
| 4:07 | Create | Fishing Ship |
| 4:35 | Create | Villager (Male) |
| 4:35 | Create | Villager (Male) |
| 5:05 | Create | Villager (Male) |
| 5:05 | Create | Villager (Male) |
| 5:06 | Create | Villager (Male) |
| 5:16 | Build | House |
| 5:39 | Create | Villager (Male) |
| 5:39 | Create | Villager (Male) |
| 5:47 | Create | Fishing Ship |
| 6:12 | Create | Villager (Male) |
| 6:12 | Create | Villager (Male) |
| 6:29 | Create | Fishing Ship |
| 6:34 | Build | House |
| 6:47 | Create | Villager (Male) |
| 6:47 | Create | Villager (Male) |
| 6:48 | Create | Villager (Male) |
| 7:15 | Create | Villager (Male) |
| 7:15 | Create | Villager (Male) |
| 7:28 | Create | Fishing Ship |
| 7:29 | Create | Fishing Ship |
| 7:41 | Create | Villager (Male) |
| 8:10 | Create | Villager (Male) |
| 8:14 | Build | House |
| 8:16 | Build | House |
| 8:49 | Create | Fishing Ship |
| 9:05 | Create | Villager (Male) |
| 9:28 | Create | Villager (Male) |
| 9:39 | Build | Mining Camp |
| 10:02 | Research | Feudal Age |
| 10:32 | Create | Villager (Male) |
| 10:32 | Create | Villager (Male) |
| 10:46 | Build | Dock |
| 12:03 | Build | Lumber Camp |
| 12:06 | Age | Feudal Age |
| 12:10 | Create | Unit 2626 |
| 12:10 | Create | Unit 2626 |
| 12:10 | Create | Unit 2626 |
| 12:24 | Create | Villager (Male) |
| 12:25 | Create | Villager (Male) |
| 12:39 | Research | Double-Bit Axe |
| 13:17 | Build | Mill |
| 13:22 | Create | Villager (Male) |
| 13:22 | Create | Villager (Male) |
| 13:38 | Create | Fire Galley |
| 13:39 | Create | Fire Galley |
| 13:52 | Create | Fire Galley |
| 14:20 | Create | Villager (Male) |
| 14:20 | Create | Villager (Male) |
| 14:29 | Build | House |
| 14:30 | Build | House |
| 14:35 | Research | Town Watch |
| 14:41 | Build | Market |
| 15:13 | Create | Villager (Male) |
| 15:14 | Create | Villager (Male) |
| 15:21 | Create | Fire Galley |
| 15:21 | Create | Fire Galley |
| 15:32 | Build | Blacksmith |
| 15:51 | Research | Gold Mining |
| 16:04 | Research | Tech 906 |
| 16:18 | Research | Castle Age |
| 16:20 | Research | Loom |
| 16:43 | Build | Dock |
| 16:56 | Build | Mining Camp |
| 17:04 | Research | Wheelbarrow |
| 17:24 | Build | Barracks |
| 17:37 | Research | Stone Mining |
| 18:20 | Build | Stable |
| 18:44 | Age | Castle Age |
| 18:46 | Research | Bow Saw |
| 19:01 | Research | Scale Barding Armor |
| 19:07 | Create | Knight |
| 19:07 | Create | Knight |
| 19:07 | Create | Knight |
| 19:22 | Create | Villager (Male) |
| 19:23 | Create | Villager (Male) |
| 19:39 | Build | Stable |
| 19:55 | Create | Knight |
| 19:57 | Create | Villager (Male) |
| 19:57 | Create | Villager (Male) |
| 20:12 | Research | Gillnets |
| 20:18 | Create | Fishing Ship |
| 20:18 | Create | Fishing Ship |
| 20:19 | Create | Fishing Ship |
| 20:38 | Create | Villager (Male) |
| 20:38 | Create | Villager (Male) |
| 20:47 | Create | Villager (Male) |
| 20:47 | Create | Villager (Male) |
| 21:26 | Build | Mining Camp |
| 21:36 | Build | Town Center |
| 21:40 | Create | Villager (Male) |
| 21:41 | Create | Villager (Male) |
| 22:30 | Create | Villager (Male) |
| 22:31 | Create | Villager (Male) |
| 22:31 | Create | Villager (Male) |
| 22:34 | Create | Knight |
| 22:34 | Create | Knight |
| 22:41 | Build | Castle |
| 22:44 | Create | Villager (Male) |
| 22:51 | Build | Farm |
| 22:52 | Build | Farm |
| 22:53 | Build | Farm |
| 22:53 | Build | Farm |
| 22:53 | Build | Farm |
| 22:55 | Build | Farm |
| 23:14 | Build | House |
| 23:16 | Build | House |
| 23:16 | Build | House |
| 23:17 | Build | House |
| 23:44 | Build | House |
| 23:45 | Build | House |
| 23:45 | Build | House |
| 23:46 | Build | House |
| 23:46 | Build | House |
| 23:47 | Build | House |
| 23:51 | Create | Villager (Male) |
| 23:51 | Create | Villager (Male) |
| 23:58 | Create | Villager (Male) |
| 23:59 | Create | Villager (Male) |
| 23:59 | Create | Villager (Male) |
| 24:10 | Build | Town Center |
| 24:13 | Create | Villager (Male) |
| 24:16 | Create | Fishing Ship |
| 24:16 | Create | Fishing Ship |
| 24:16 | Create | Fishing Ship |
| 24:32 | Build | Lumber Camp |
| 24:38 | Research | Horse Collar |
| 25:05 | Create | Villager (Male) |
| 25:05 | Create | Villager (Male) |
| 25:12 | Create | Knight |
| 25:12 | Create | Knight |
| 25:12 | Create | Knight |
| 25:13 | Create | Knight |
| 25:34 | Create | Villager (Male) |
| 25:34 | Create | Villager (Male) |
| 25:35 | Create | Villager (Male) |
| 25:35 | Create | Villager (Male) |
| 25:36 | Create | Villager (Male) |
Match timeline
| 0:34 | 王德发 · first_building Dock |
| 0:46 | apple11 · first_building Dock |
| 0:48 | yeh · first_building Dock |
| 0:49 | TisMon · first_building Dock |
| 0:55 | Sir Deep purple 2 · first_building Dock |
| 1:25 | JoPo21 · first_building Dock |
| 1:28 | JoPo21 · wall_segment Palisade Wall x1 |
| 1:29 | JoPo21 · wall_segment Palisade Wall x1 |
| 2:16 | yeh · wall_segment Palisade Wall x1 |
| 2:17 | yeh · wall_segment Palisade Wall x1 |
| 2:18 | yeh · wall_segment Palisade Wall x1 |
| 6:14 | 王德发 · wall_segment Palisade Wall x1 |
| 6:15 | 王德发 · wall_segment Palisade Wall x1 |
| 6:17 | 王德发 · wall_segment Palisade Wall x1 |
| 6:18 | 王德发 · wall_segment Palisade Wall x1 |
| 8:03 | JoPo21 · wall_segment Palisade Wall x1 |
| 9:14 | JoPo21 · wall_segment Palisade Wall x5 |
| 9:42 | TisMon · wall_segment Palisade Wall x1 |
| 11:28 | 王德发 · wall_segment Palisade Wall x6 |
| 11:32 | 王德发 · wall_segment Palisade Wall x1 |
| 11:36 | JoPo21 · wall_segment Palisade Wall x1 |
| 11:37 | JoPo21 · wall_segment Palisade Wall x1 |
| 11:38 | JoPo21 · wall_segment Palisade Wall x1 |
| 12:06 | Sir Deep purple 2 · age_up feudal |
| 12:09 | TisMon · wall_segment Palisade Wall x8 |
| 12:14 | 王德发 · wall_segment Palisade Wall x4 |
| 12:21 | apple11 · wall_segment Palisade Wall x1 |
| 12:35 | TisMon · first_building Barracks |
| 12:37 | apple11 · wall_segment Palisade Wall x1 |
| 12:37 | 王德发 · first_building Barracks |
| 12:37 | 王德发 · age_up feudal |
| 12:53 | apple11 · wall_segment Palisade Wall x1 |
| 13:09 | apple11 · wall_segment Palisade Wall x1 |
| 13:14 | apple11 · wall_segment Palisade Wall x1 |
| 13:21 | JoPo21 · wall_segment Palisade Wall x1 |
| 13:21 | JoPo21 · wall_segment Palisade Wall x1 |
| 13:22 | TisMon · wall_segment Palisade Wall x1 |
| 13:22 | 王德发 · wall_segment Palisade Wall x3 |
| 13:25 | TisMon · wall_segment Palisade Wall x1 |
| 13:27 | TisMon · wall_segment Palisade Wall x5 |
| 13:32 | TisMon · wall_segment Palisade Wall x1 |
| 13:32 | TisMon · wall_segment Palisade Wall x1 |
| 13:39 | TisMon · age_up feudal |
| 13:42 | 王德发 · wall_segment Palisade Wall x6 |
| 13:44 | TisMon · first_building Archery Range |
| 14:01 | TisMon · wall_segment Palisade Wall x1 |
| 14:03 | JoPo21 · age_up feudal |
| 14:16 | JoPo21 · wall_segment Palisade Wall x1 |
| 14:18 | apple11 · wall_segment Palisade Wall x1 |
| 14:19 | yeh · age_up feudal |
| 14:21 | apple11 · wall_segment Palisade Wall x1 |
| 14:26 | 王德发 · first_building Archery Range |
| 14:43 | apple11 · wall_segment Palisade Wall x1 |
| 14:47 | TisMon · wall_segment Palisade Wall x8 |
| 14:50 | TisMon · wall_segment Palisade Wall x5 |
| 15:06 | yeh · first_market_sell 100 stone |
| 15:14 | apple11 · age_up feudal |
| 15:25 | JoPo21 · first_market_sell 100 wood |
| 15:25 | JoPo21 · first_market_buy 100 food |
| 15:26 | TisMon · wall_segment Palisade Wall x1 |
| 15:47 | apple11 · wall_segment Stone Wall x4 |
| 15:55 | TisMon · wall_segment Palisade Wall x10 |
| 16:00 | apple11 · first_building Barracks |
| 16:10 | JoPo21 · wall_segment Palisade Wall x1 |
| 16:10 | JoPo21 · wall_segment Palisade Wall x1 |
| 16:14 | 王德发 · wall_segment Palisade Wall x1 |
| 16:16 | 王德发 · wall_segment Palisade Wall x1 |
| 16:17 | 王德发 · wall_segment Palisade Wall x1 |
| 16:48 | JoPo21 · wall_segment Palisade Wall x7 |
| 17:09 | apple11 · wall_segment Stone Wall x9 |
| 17:10 | 王德发 · wall_segment Palisade Wall x1 |
| 17:24 | Sir Deep purple 2 · first_building Barracks |
| 17:25 | apple11 · wall_segment Stone Wall x15 |
| 17:37 | apple11 · wall_segment Stone Wall x4 |
| 18:16 | yeh · age_up castle |
| 18:20 | Sir Deep purple 2 · first_building Stable |
| 18:20 | yeh · first_building Castle |
| 18:25 | JoPo21 · age_up castle |
| 18:33 | JoPo21 · first_building Castle |
| 18:43 | JoPo21 · first_building Siege Workshop |
| 18:44 | Sir Deep purple 2 · age_up castle |
| 18:46 | 王德发 · age_up castle |
| 18:51 | yeh · first_building Monastery |
| 18:52 | TisMon · first_market_sell 100 wood |
| 18:53 | 王德发 · first_building Siege Workshop |
| 19:01 | apple11 · wall_segment Stone Wall x8 |
| 19:11 | TisMon · first_market_buy 100 food |
| 19:15 | apple11 · first_market_buy 100 stone |
| 19:35 | apple11 · wall_segment Stone Wall x8 |
| 21:53 | yeh · first_building Siege Workshop |
| 22:28 | TisMon · age_up castle |
| 22:38 | TisMon · first_building Siege Workshop |
| 22:41 | Sir Deep purple 2 · first_building Castle |
| 23:01 | apple11 · age_up castle |
| 23:21 | apple11 · first_building Siege Workshop |
| 25:04 | yeh · first_market_buy 100 wood |
| 25:40 | Sir Deep purple 2 · first_building Siege Workshop |
| 26:22 | apple11 · first_building Castle |
| 26:23 | 王德发 · first_building Castle |
| 26:28 | apple11 · wall_segment Stone Wall x5 |
| 31:10 | JoPo21 · first_building Barracks |
| 32:19 | Sir Deep purple 2 · first_market_buy 500 food |
| 32:24 | TisMon · first_building Castle |
| 32:24 | Sir Deep purple 2 · first_market_sell 500 stone |
| 33:21 | TisMon · wall_segment Palisade Wall x1 |
| 33:47 | 王德发 · wall_segment Stone Wall x6 |
| 34:05 | JoPo21 · age_up imperial |
| 35:15 | Sir Deep purple 2 · age_up imperial |
| 36:01 | apple11 · wall_segment Stone Wall x9 |
| 36:24 | 王德发 · first_market_buy 100 stone |
| 37:07 | 王德发 · age_up imperial |
| 38:28 | yeh · resign |
| 39:09 | 王德发 · first_market_sell 100 food |
| 39:31 | TisMon · age_up imperial |
| 40:59 | 王德发 · wall_segment Stone Wall x1 |
| 44:27 | apple11 · age_up imperial |
| 49:28 | TisMon · first_building Monastery |
[ AI ANALYSIS · 1 CREDIT ]
What really happened in this match?
Wolo.gg analyzes every decision: build order, eco, micro, common mistakes by bracket. Personalized analysis on WhatsApp or Discord in 30 seconds.
Civ guide
Dravidians
Map guide
Nomad
Perfil
Jugador #18796261